Map: Ley Lines

Players

KimChiLoVer - Winner!

  • Race: Terran Terran
  • Spawn Location: 1:00

A.I. 1 (Elite)

  • Race: Terran Terran
  • Spawn Location: 7:00

VOD

Have the link to the VOD?

Description

Time

  • Played on: Aug. 12, 2025, 10:56 p.m.
  • Length: 8:52
Show
View Real Time Build Order
Export as new Build Order

KimChiLoVer Terran - Winner!

Build Orders: Reaper Expand 

Get SALT Encoding   

  12  0:00  SCV  
  13  0:12  SCV  
  14  0:17  Supply Depot  
  14  0:24  SCV  
  15  0:38  SCV  
  15  0:40  Barracks  
  16  0:42  Refinery  
  16  0:50  SCV  
  17  1:02  SCV  
  18  1:15  SCV  
  19  1:27  Orbital Command  
  19  1:29  Reaper  
  20  1:39  Command Center  
  20  1:49  Supply Depot  
  20  1:54  SCV  
  21  2:00  Marine  
  22  2:03  Factory  
  22  2:11  SCV  
  22  2:12  Refinery  
  23  2:23  SCV, Barracks Reactor  
  24  2:30  Barracks  
  24  2:35  SCV  
  25  2:41  Barracks  
  25  2:47  SCV  
  25  2:50  Factory Tech Lab  
  26  2:54  Orbital Command  
  26  3:02  Marine x2  
  26  3:04  SCV  
  29  3:16  SCV  
  30  3:24  SCV  
  30  3:27  Stimpack  
  30  3:32  Command Center  
  30  3:36  SCV  
  31  3:42  Factory Reactor  
  31  3:43  Starport  
  31  3:45  Marine  
  31  3:46  Marine  
  33  3:50  Marine  
  33  3:52  SCV  
  33  3:53  SCV  
  36  4:01  Engineering Bay  
  36  4:05  Engineering Bay  
  36  4:07  SCV  
  37  4:10  SCV  
  37  4:11  Marine  
  37  4:13  Marine  
  37  4:15  Marine  
  41  4:29  Supply Depot, Marine  
  41  4:30  Terran Infantry Weapons Level 1, Factory Tech Lab  
  42  4:32  Terran Infantry Armor Level 1  
  42  4:33  SCV  
  42  4:35  SCV  
  42  4:38  Marine  
  45  4:44  Medivac x2  
  49  4:48  Orbital Command  
  49  4:51  SCV  
  49  4:52  SCV  
  51  5:01  Siege Tank  
  51  5:04  Marine, Refinery  
  51  5:05  Barracks  
  55  5:11  Barracks  
  55  5:15  Marine x3  
  58  5:23  Armory  
  58  5:26  Supply Depot  
  58  5:29  Supply Depot  
  58  5:34  SCV x2, Marine x3  
  63  5:41  Orbital Command  
  63  5:44  Marine  
  63  5:45  Combat Shield  
  64  5:52  SCV, Marine  
  64  5:54  Refinery  
  64  5:55  Supply Depot  
  64  5:56  Medivac  
  68  5:57  Medivac  
  68  5:58  Supply Depot  
  68  6:02  SCV  
  71  6:04  SCV  
  71  6:07  SCV  
  73  6:11  Barracks Tech Lab  
  73  6:12  Barracks Tech Lab  
  73  6:13  Barracks Reactor  
  73  6:14  SCV  
  73  6:16  SCV  
  73  6:18  Marine x3  
  78  6:19  SCV  
  79  6:28  SCV  
  79  6:31  SCV  
  80  6:36  Marine x3  
  80  6:37  Siege Tank, Marauder x2  
  90  6:40  Medivac  
  92  6:51  Marine x2  
  92  6:53  Marine x2  
  96  6:54  Marine  
  96  6:56  SCV  
  96  6:57  Barracks  
  96  6:58  Barracks, Marine  
  96  6:59  Barracks  
  96  7:00  Refinery  
  98  7:08  SCV  
  98  7:10  Marine x2  
  101  7:17  Supply Depot x2, Marine  
  101  7:21  SCV  
  103  7:26  Concussive Shells  
  103  7:27  Marine x2, Marauder x2  
  108  7:43  SCV  
  109  7:54  SCV x2  
  109  7:55  SCV, Marine x5, Marauder x3  
  109  7:56  Barracks Tech Lab  
  109  7:57  Barracks Tech Lab  
  123  8:06  SCV x2  
  123  8:11  Command Center  
  125  8:21  SCV x3, Marauder  
  110  8:31  Supply Depot x2  
  110  8:33  Supply Depot, SCV x2  
Show
View Real Time Build Order
Export as new Build Order

A.I. 1 (Elite) Terran 

Build Orders: 2 Factory 

Get SALT Encoding   

  12  0:00  SCV  
  13  0:13  SCV  
  14  0:18  Supply Depot  
  14  0:25  SCV  
  15  0:40  SCV  
  16  0:44  Barracks  
  16  0:52  SCV  
  17  1:04  SCV  
  18  1:16  SCV  
  18  1:17  Supply Depot  
  19  1:21  Refinery  
  19  1:28  SCV  
  19  1:32  Marine  
  21  1:40  SCV  
  22  1:48  Refinery  
  22  1:50  Marine  
  22  1:52  SCV  
  24  2:04  SCV  
  24  2:08  Marine  
  26  2:16  SCV  
  26  2:21  Factory  
  27  2:26  Marine  
  27  2:28  SCV  
  29  2:40  SCV  
  29  2:41  Factory  
  29  2:43  Marine  
  31  2:45  Supply Depot  
  31  2:53  Orbital Command  
  31  3:05  Factory Tech Lab  
  31  3:06  Marine  
  32  3:18  SCV  
  33  3:24  Marine  
  33  3:25  Factory Tech Lab  
  33  3:26  Barracks  
  34  3:30  SCV  
  35  3:34  Starport  
  35  3:43  SCV, Barracks Tech Lab  
  36  3:49  Supply Depot  
  36  3:55  SCV  
  37  4:01  Stimpack  
  37  4:07  SCV  
  38  4:11  Medivac, Marine  
  38  4:12  Marine  
  38  4:13  Supply Depot  
  42  4:19  SCV  
  42  4:23  Supply Depot  
  43  4:29  Marine  
  44  4:31  Barracks Tech Lab  
  44  4:40  Hellion  
  44  4:41  Medivac, Hellion  
  50  4:47  Marine  
  50  4:49  Combat Shield  
  51  5:02  Hellion, Siege Tank  
  51  5:04  Command Center  
  56  5:08  Supply Depot  
  56  5:23  Hellion  
  58  5:34  Hellion  
  60  5:37  Armory  
  60  5:44  Siege Tank  
  62  6:02  Hellion  
  64  6:04  Supply Depot  
  64  6:16  SCV x2, Siege Tank  
  69  6:24  Command Center, Refinery  
  66  6:26  Terran Vehicle Weapons Level 1  
  66  6:27  Marine  
  66  6:28  SCV x2, Marine  
  57  6:40  SCV x2  
  57  6:45  Marine x2  
  57  6:46  Siege Tank  
  64  6:52  SCV  
  64  6:53  SCV  
  65  7:03  Marine  
  65  7:04  SCV, Marine  
  65  7:05  SCV  
  69  7:16  SCV  
  69  7:18  SCV  
  69  7:21  Marine  
  60  7:23  Marine  
  59  7:30  SCV  
  59  7:39  Marine  
  59  7:42  SCV  
  61  7:54  SCV  
  39  8:23  Marine  
  25  8:30  Marine  
Tags
 
Add a new tag
Caveats
  • Supply blocks, unpowered buildings, or Contaminate may cause inaccurate times.
  • Supply counts are checked every 10 seconds.